 Dungeon Crawl Stone Soup version 0.24-b1-30-g840c9efd86 (webtiles) character file.

Game seed: 14453165016211261475, levelgen mode: deterministic

113 lepoulpe303 the Chucker (level 4, 0/44 HPs)
             Began as a Troll Hunter on Oct 25, 2019.
             Was a Believer of Cheibriados.
             Succumbed to an orc wizard's poison
             ... on level 2 of the Dungeon.
             The game lasted 00:06:45 (1751 turns).

lepoulpe303 the Chucker (Troll Hunter)              Turns: 1751, Time: 00:06:46

Health: 0/44       AC: 13    Str: 31    XL:     4   Next: 65%
Magic:  3/3        EV: 14    Int: 12    God:    Cheibriados [**....]
Gold:   80         SH:  0    Dex: 20    Spells: 3/3 levels left

rFire    x . .     SeeInvis .     - Unarmed
rCold    + + .     Gourm    +   (no shield)
rNeg     . . .     Faith    .   n - +0 ice dragon scales
rPois    .         Spirit   .   (helmet restricted)
rElec    .         Reflect  .   (no cloak)
rCorr    .         Harm     .   (gloves unavailable)
MR       .....                  (boots unavailable)
Stlth    +.........             (no amulet)
HPRegen  0.54/turn              (no ring)
MPRegen  0.08/turn              (no ring)

@: mighty, agile, lethally poisoned (0 -> -35), very slow
A: large, unfitting armour, claws 3, fast metabolism 3, gourmand, regeneration
1, shaggy fur 1, tough skin 3
a: Bend Time, Renounce Religion


You were on level 2 of the Dungeon.
You worshipped Cheibriados.
Cheibriados was pleased with you.
You were completely stuffed.

You visited 1 branch of the dungeon, and saw 3 of its levels.

You collected 80 gold pieces.

Inventory:

Missiles
 c - 4 large rocks {!d}
 d - 2 throwing nets {=f}
 Q - 56 stones (quivered)
Armour
 b - a +0 robe
 n - +0 ice dragon scales (worn)
Jewellery
 a - a cursed ring of attention {unknown}
 m - an uncursed ring of stealth {unknown}
Wands
 j - a wand of iceblast (7)
Scrolls
 g - 5 scrolls of teleportation {unknown}
 i - 2 scrolls of identify {unknown}
 l - 2 scrolls of enchant armour {unknown}
 o - a scroll of amnesia {unknown}
Potions
 h - a potion of heal wounds {unknown}
 p - a potion of haste {unknown}
Comestibles
 e - 4 rations


   Skills:
 * Level 2.5 Fighting
 + Level 3.9 Throwing
 + Level 0.5 Armour
 + Level 2.1 Dodging
 - Level 0.3 Stealth
 * Level 2.0 Unarmed Combat
 + Level 1.0 Invocations


You had 3 spell levels left.
You didn't know any spells.
Your spell library was empty.

Dungeon Overview and Level Annotations

Branches:
Dungeon (3/15)

Altars:
Cheibriados


Innate Abilities, Weirdness & Mutations

You are too large for most types of armour.
You have claws for hands.
Your metabolism is lightning-fast.
You like to eat raw meat.
Your natural rate of healing is unusually fast.
You are covered in fur. (AC +1)
You have extremely tough skin. (AC +3)


Message History

You take 3 damage, and have 9/44 hp.
You miss something.
* * * LOW HITPOINT WARNING * * *
You feel sick.
You take 2 damage, and have 7/44 hp.
You miss something.
* * * LOW HITPOINT WARNING * * *
You feel very sick. Something hits you but does no damage.
You are more poisoned.
You take 3 damage, and have 4/44 hp.
It was a potion of agility.
You feel agile all of a sudden.
* * * LOW HITPOINT WARNING * * *
You feel very sick. Something hits you but does no damage.
You take 2 damage, and have 2/44 hp.
It was a potion of might.
You feel very mighty all of a sudden.
You die...

..).####.####...........#.####.#.
#.#.# #.####.#######...)........
#.#)# #.##...# #..##.#####..
#.#.####.##.#.### ##...######..
#.#...##....#...######...........
..###.....#####......#.########.#
..# #..#....#...####.#..# #.# ..#
#(.#..#(#.#### #.##.# ##.# ..#
#...........@# #.##.# ##.#.
..###.........##{###.##.# ###.###
..........###.##.#......# #..## #
.#####....# #.##.#.###..# #.#.###
.# #.....## #......# #..# #.##.#.
.# #.....#######.#.###.####.###.#
.# #....#..# #................#
.# #.....#.# #####.######.###..
.# #.....#.# #.######.# ###


There were no monsters in sight!

Levels and vault maps discovered:
D:1:      lightli_arrival_boilingwater, layout_basic, cheibriados_altar_1
D:2:      layout_loops_ring
D:3:      layout_loops_ring, grunt_ministairs_15

Notes
Turn   | Place    | Note
-------+----------+-------------------------------------------
     0 | D:1      | lepoulpe303 the Troll Hunter began the quest for the Orb.
     0 | D:1      | Reached XP level 1. HP: 19/19 MP: 0/0
    38 | D:1      | Identified a +0 short sword
    64 | D:1      | Identified a +0 dagger
    67 | D:1      | Found a snail-covered altar of Cheibriados.
    74 | D:1      | Identified a cursed -2 club
    76 | D:1      | Identified a +0 club
    88 | D:1      | Reached XP level 2. HP: 28/28 MP: 1/1
    90 | D:1      | Became a worshipper of Cheibriados the Contemplative
   161 | D:1      | Identified a +0 club
   185 | D:1      | Identified a +0 club
   188 | D:1      | Identified a +0 short sword
   190 | D:1      | Reached skill level 1 in Unarmed Combat
   192 | D:1      | Identified a +0 club
   228 | D:1      | Reached skill level 2 in Fighting
   300 | D:1      | Identified a +0 dagger
   339 | D:1      | Identified a +0 dagger
   343 | D:1      | Reached * piety under Cheibriados
   432 | D:1      | Identified a +0 club
   775 | D:1      | Identified a +0 club
   784 | D:1      | Reached XP level 3. HP: 28/35 MP: 2/2
  1009 | D:2      | Identified a +0 dagger
  1102 | D:2      | Identified a +0 club
  1199 | D:2      | Identified +0 ice dragon scales (You found it on level 2 of
                  | the Dungeon)
  1201 | D:2      | Identified a +0 whip
  1253 | D:2      | Identified a +0 club
  1256 | D:2      | Reached skill level 2 in Dodging
  1296 | D:2      | Identified a +0 club
  1296 | D:2      | Identified a +2 hunting sling of freezing
  1296 | D:2      | Identified a +0 chain mail
  1303 | D:2      | Reached ** piety under Cheibriados
  1303 | D:2      | Reached XP level 4. HP: 44/44 MP: 3/3
  1459 | D:2      | Identified a +0 club
  1595 | D:3      | Identified a +0 short sword
  1677 | D:3      | Identified a +0 short sword
  1677 | D:3      | Identified a +0 robe
  1684 | D:3      | Identified a +0 club
  1710 | D:3      | Identified a +0 club
  1718 | D:3      | Identified a +0 club
  1721 | D:3      | Identified a +0 dagger
  1721 | D:3      | Identified a +0 robe
  1722 | D:3      | Identified a +1 dagger of venom
  1722 | D:3      | Identified a +0 robe
  1728 | D:3      | Reached skill level 2 in Unarmed Combat
  1728 | D:3      | Reached skill level 1 in Invocations
  1747 | D:2      | HP: 9/44 [poisoned by an orc wizard]
  1749 | D:2      | HP: 4/44 [poisoned by an orc wizard]
  1750 | D:2      | Identified a potion of agility
  1751 | D:2      | Identified a potion of might
  1751 | D:2      | Succumbed to an orc wizard's poison

Table legend:
 A = Turns spent in this place as a percentage of turns spent in the entire game.
 B = Non-inter-level travel turns spent in this place as a percentage of non-inter-level travel turns spent in the entire game.
 C = Inter-level travel turns spent in this place as a percentage of turns spent in this place.
 D = Turns resting spent in this place as a percentage of non-inter-level travel turns spent in this place.
 E = Turns spent auto-exploring this place as a percentage of non-inter-level travel turns spent in this place.
 F = Non-inter-level travel turns spent in this place divided by the number of levels of this place that you've seen.
                   A       B       C       D       E      F
               +-------+-------+-------+-------+-------+----------------------
         Total | 100.0 | 100.0 |   3.5 |   5.0 |  77.6 | 563.0
       Dungeon | 100.0 | 100.0 |   3.5 |   5.0 |  77.6 | 563.0
               +-------+-------+-------+-------+-------+----------------------

Table legend:
 A = Kills in this place as a percentage of kills in entire the game.
 B = Kills by you in this place as a percentage of kills by you in the entire game.
 C = Kills by friends in this place as a percentage of kills by friends in the entire game.
 D = Other kills in this place as a percentage of other kills in the entire game.
 E = Experience gained in this place as a percentage of experience gained in the entire game.
 F = Experience gained in this place divided by the number of levels of this place that you have seen.
                   A       B       C       D       E      F
               +-------+-------+-------+-------+-------+----------------------
         Total | 100.0 | 100.0 |   N/A | 100.0 | 100.0 |  54.0
       Dungeon | 100.0 | 100.0 |   N/A | 100.0 | 100.0 |  54.0
               +-------+-------+-------+-------+-------+----------------------

Skill      XL: |  1  2  3  4 |
---------------+-------------+-----
Unarmed Combat | 1 2 |  2.0
Fighting       | 2 |  2.5
Dodging        | 2 |  2.1
Invocations    | 1 |  1.0
Throwing       | |  3.9
Armour         | |  0.5
Stealth        | |  0.3

Action                   |  1- 3 |  4- 6 || total
-------------------------+-------+-------++-------
Melee: Short sword       |    57 |       ||    57
       Unarmed           |     4 |    56 ||    60
       Punch             |       |     1 ||     1
Throw: Large rock        |    52 |       ||    52
       Stone             |    11 |    12 ||    23
  Use: Potion            |       |     2 ||     2
 Stab: Distracted        |     1 |       ||     1
  Eat: Chunk             |    15 |     2 ||    17
Armor: Robe              |    20 |       ||    20
       Ice dragon scales |     3 |    26 ||    29
Dodge: Dodged            |    28 |    22 ||    50

Vanquished Creatures
  An orc wizard (D:3)
  An adder (D:2)
  An ooze (D:3)
  2 worms (D:2)
  2 dart slugs
  3 leopard geckos
  An orc (D:3)
  6 giant cockroaches
  5 goblins
  9 hobgoblins
  2 jackals (D:1)
  5 bats
  2 frilled lizards
  10 kobolds
  7 rats
57 creatures vanquished.

Vanquished Creatures (others)
  An orc (D:3)
  A kobold (D:3)
2 creatures vanquished.

Grand Total: 59 creatures vanquished
